 Dungeon Crawl Stone Soup version 0.21.1-1-g345015f (webtiles) character file.

665 teukkam the Ruffian (level 7, -7/71 HPs)
             Began as a Troll Monk on July 4, 2018.
             Mangled by an orc warrior
             ... wielding a +0 glaive
              (16 damage)
             ... on level 7 of the Dungeon.
             The game lasted 00:15:36 (3643 turns).

teukkam the Ruffian (Troll Monk)                    Turns: 3643, Time: 00:15:36

Health: -7/71      AC:  6    Str: 21    XL:     7   Next: 31%
Magic:  16/17      EV: 10    Int: 11    God:
Gold:   284        SH:  0    Dex: 12    Spells: 7/8 levels left

rFire    . . .     SeeInvis .     - Unarmed
rCold    . . .     Gourm    +   (no shield)
rNeg     . . .     Faith    +   a - +0 robe
rPois    .         Spirit   .   (helmet restricted)
rElec    .         Reflect  .   A - +0 cloak (curse)
rCorr    .         Harm     .   (gloves unavailable)
MR       .....                  (boots unavailable)
Stlth    ++........             D - amulet of Feunanitic {Faith MR- MP+9 Int+4}
HPRegen  0.61/turn              (no ring)
MPRegen  0.15/turn              (no ring)

@: no status effects
A: large, unfitting armour, claws 3, fast metabolism 3, gourmand, regeneration
1, shaggy fur 1, tough skin 2
a: no special abilities


You were on level 7 of the Dungeon.
You were full.

You visited 1 branch of the dungeon, and saw 7 of its levels.

You collected 284 gold pieces.

Inventory:

Hand Weapons
 d - a cursed -3 short sword
 k - a -1 dagger
 x - a +3 whip of flaming
 y - a +3 short sword
 z - a +3 quarterstaff of chaos
Missiles
 o - 4 tomahawks
 p - 16 poisoned needles
 q - 2 javelins (quivered)
Armour
 a - a +0 robe (worn)
 A - a cursed +0 cloak (worn)
Jewellery
 D - the amulet of Feunanitic (around neck) {Faith MR- MP+9 Int+4}
   (You found it on level 5 of the Dungeon)

   [amulet of faith]

   It allows you to gain divine favour quickly.
   It affects your intelligence (+4).
   It affects your resistance to hostile enchantments.
   It affects your magic capacity (+9).
Wands
 r - a wand of flame (22)
Scrolls
 e - 4 scrolls of teleportation
 g - 2 scrolls of enchant weapon {unknown}
 i - 6 scrolls of identify {unknown}
 l - a scroll of amnesia {unknown}
 m - 2 scrolls of immolation
 s - a scroll of blinking {unknown}
 t - a scroll of noise {unknown}
 v - 3 scrolls of remove curse
 B - a scroll of enchant armour {unknown}
Potions
 c - a potion of flight {unknown}
 f - a potion of experience {unknown}
 j - a potion of might
 n - a potion of ambrosia {unknown}
 u - 2 potions of lignification {unknown}
 w - a potion of mutation {unknown}
 C - a potion of brilliance {unknown}
Books
 h - a book of Misfortune

   Spells                             Type                      Level
   a - Confusing Touch                Hexes                        1
   b - Confuse                        Hexes                        3
   c - Gell's Gravitas                Translocation                3
   d - Petrify                        Transmutation/Earth          4
   e - Metabolic Englaciation         Hexes/Ice                    5
   f - Yara's Violent Unravelling     Hexes/Transmutation          5
Comestibles
 b - 9 rations


   Skills:
 - Level 4.5 Fighting
 - Level 2.4 Dodging
 - Level 1.0 Stealth
 + Level 5.7 Unarmed Combat
 - Level 1.4 Spellcasting
 + Level 2.0 Hexes


You had 7 spell levels left.
You knew the following spells:

 Your Spells              Type           Power        Failure   Level  Hunger
a - Confusing Touch       Hex            #.....       13%         1    ##.....


Dungeon Overview and Level Annotations

Branches:
Dungeon (7/15)
 Temple: D:4-7

Altars:
Okawaru
Vehumet

Annotations:
D:3 TheNamelessOne's ghost, amateur DsCK


Innate Abilities, Weirdness & Mutations

You are too large for most types of armour.
You have claws for hands.
Your metabolism is lightning-fast.
You like to eat raw meat.
Your natural rate of healing is unusually fast.
You are covered in fur. (AC +1)
You have very tough skin. (AC +2)


Message History

You kill the orc!
The orc warrior barely misses you.
You barely miss the orc. The orc hits you with a short sword.
The orc warrior hits you from afar with a glaive!
You closely miss the orc. The orc hits you with a short sword.
The orc hits you with a flail.
The orc warrior hits you from afar with a glaive!
Evoke which item? (* to show all) (? for menu, Esc to quit)
Okay, then.
You claw the orc!
You kill the orc!
The orc hits you but does no damage.
The orc warrior hits you with a glaive!!
* * * LOW HITPOINT WARNING * * *
Things that are here:
a short sword; an orc corpse You scratch the orc warrior.
The orc warrior is lightly wounded.
The orc barely misses you. The orc warrior hits you with a glaive!
You die...

... .. .. .#
.##### ##.....
#o..# #@o.#
#...# #<..#
#...........#
....(.....Y....
..#...........#
#####...#####
#...# #...#


You could see an orc warrior, a sky beast (confused) and an orc.

Vanquished Creatures
  An ice beast (D:3)
  An ogre (D:5)
  2 jellies (D:5)
  2 crimson imps
  Crazy Yiuf (D:3)
  A centaur skeleton (D:5)
  Natasha (thrice) (D:2)
  Terence (D:2)
  A worker ant (D:5)
  A hound skeleton (D:5)
  Robin (D:3)
  5 adders
  A gnoll (D:1)
  3 worms
  5 dart slugs
  4 leopard geckos
  11 orcs
  2 giant cockroaches
  17 goblins
  7 hobgoblins
  2 jackals
  A quokka (D:2)
  8 bats
  3 frilled lizards
  A giant cockroach zombie (D:5)
  2 kobolds
  A leopard gecko zombie (D:5)
  10 rats
98 creatures vanquished.

Notes
Turn   | Place    | Note
-------+----------+-------------------------------------------
     0 | D:1      | teukkam the Troll Monk began the quest for the Orb.
     0 | D:1      | Reached XP level 1. HP: 22/22 MP: 0/0
   107 | D:5      | Entered Level 5 of the Dungeon
   114 | D:5      | Reached XP level 2. HP: 30/31 MP: 1/1
   114 | D:5      | Reached XP level 3. HP: 36/37 MP: 2/2
   119 | D:5      | Noticed an ogre
   127 | D:5      | Killed an ogre
   127 | D:5      | Reached skill level 4 in Unarmed Combat
   127 | D:5      | Reached XP level 4. HP: 46/46 MP: 3/3
   129 | D:5      | Reached XP level 5. HP: 54/54 MP: 4/4
   177 | D:5      | Learned a level 1 spell: Confusing Touch
   272 | D:4      | Noticed an ogre
  1362 | D:2      | Found a radiant altar of Vehumet.
  1416 | D:2      | Noticed Natasha
  1421 | D:2      | Killed Natasha
  1558 | D:2      | Reached XP level 6. HP: 62/62 MP: 5/5
  1571 | D:2      | Noticed Natasha
  1573 | D:2      | Killed Natasha
  1773 | D:2      | Noticed Terence
  1782 | D:2      | Killed Terence
  1782 | D:2      | Reached skill level 5 in Unarmed Combat
  1782 | D:2      | Reached skill level 1 in Hexes
  2028 | D:2      | Noticed Natasha
  2057 | D:2      | Killed Natasha
  2057 | D:2      | Reached skill level 1 in Spellcasting
  2468 | D:3      | Noticed Robin
  2492 | D:3      | Killed Robin
  2530 | D:3      | Noticed an ice beast
  2535 | D:3      | Killed an ice beast
  2603 | D:3      | Found a runed door.
  2608 | D:3      | Noticed Crazy Yiuf
  2622 | D:3      | Killed Crazy Yiuf
  2634 | D:3      | HP: 3/63 [poisoned by Crazy Yiuf]
  2640 | D:3      | HP: 3/63 [poisoned by Crazy Yiuf]
  2645 | D:3      | HP: 3/63 [poisoned by Crazy Yiuf]
  2891 | D:3      | Reached XP level 7. HP: 71/71 MP: 8/8
  3345 | D:3      | Noticed TheNamelessOne's ghost (amateur DsCK)
  3485 | D:5      | Found an iron altar of Okawaru.
  3575 | D:5      | Got a fine lead amulet
  3578 | D:5      | Identified the amulet of Feunanitic {Faith MR- MP+9 Int+4} (You found it on level 5 of the Dungeon)
  3643 | D:7      | Mangled by an orc warrior

Skill      XL: |  1  2  3  4  5  6  7 |
---------------+----------------------+-----
Fighting       | 3 4 |  4.5
Unarmed Combat | 4 5 |  5.7
Hexes          | 1 2 |  2.0
Spellcasting   | 1 |  1.4
Dodging        | |  2.4
Stealth        | |  1.0

Action                   |  1- 3 |  4- 6 |  7- 9 || total
-------------------------+-------+-------+-------++-------
Melee: Unarmed           |    17 |   216 |    60 ||   293
       Punch             |       |     3 |     2 ||     5
Throw: Javelin           |       |     4 |       ||     4
 Cast: Confusing Touch   |       |     6 |     2 ||     8
  Use: Scroll            |       |     3 |       ||     3
       Potion            |       |     1 |       ||     1
 Stab: Sleeping          |     2 |     4 |     1 ||     7
       Confused          |       |     1 |       ||     1
  Eat: Chunk             |     2 |    30 |     4 ||    36
Armor: Robe              |     6 |    60 |    11 ||    77
Dodge: Dodged            |    11 |    86 |    25 ||   122
